 Dungeon Crawl Stone Soup version 0.21.1-1-g345015f (webtiles) character file.

793 poirepourri the Covert (level 7, 0/32 HPs)
             Began as a Spriggan Enchanter on July 20, 2018.
             Slain by a bullfrog (9 damage)
             ... on level 5 of the Dungeon.
             The game lasted 00:05:41 (3671 turns).

poirepourri the Covert (Spriggan Enchanter)         Turns: 3671, Time: 00:05:41

Health: 0/32       AC:  2    Str:  4    XL:     7   Next: 57%
Magic:  6/12       EV: 18    Int: 16    God:
Gold:   151        SH:  0    Dex: 19    Spells: 2/11 levels left

rFire    . . .     SeeInvis +   a - +1 dagger
rCold    . . .     Gourm    .   (shield restricted)
rNeg     . . .     Faith    .   h - +0 robe
rPois    .         Spirit   .   (helmet restricted)
rElec    .         Reflect  .   (no cloak)
rCorr    .         Harm     .   (gloves unavailable)
MR       +....                  (boots unavailable)
Stlth    ++........             (no amulet)
HPRegen  0.10/turn              (no ring)
MPRegen  0.13/turn              (no ring)

@: confused, hasted, very quick
A: very small, unfitting armour, see invisible, herbivore, speed 3, slow
metabolism 2
a: no special abilities


You were on level 5 of the Dungeon.
You were not hungry.

You visited 2 branches of the dungeon, and saw 6 of its levels.

You collected 151 gold pieces.

Inventory:

Hand Weapons
 a - a +1 dagger (weapon)
 b - a cursed +0 blowgun
 f - a cursed -2 dagger
Missiles
 i - 23 poisoned needles
 o - 2 needles of confusion
Armour
 h - a +0 robe (worn)
Wands
 g - a wand of flame (28)
Scrolls
 k - 3 scrolls of magic mapping
 l - a scroll of remove curse
Potions
 e - 2 potions of mutation
 n - a potion of agility {unknown}
 q - a potion of brilliance
 t - a potion of heal wounds {unknown}
Books
 c - a book of Maledictions

   Spells                             Type                      Level
   a - Corona                         Hexes                        1
   b - Ensorcelled Hibernation        Hexes/Ice                    2
   c - Confuse                        Hexes                        3
   d - Tukima's Dance                 Hexes                        3
   e - Dazzling Spray                 Conjuration/Hexes            3
Comestibles
 d - 4 rations


   Skills:
 - Level 1.1 Short Blades
 - Level 3.0 Dodging
 - Level 12.0 Stealth
 - Level 2.6 Spellcasting
 + Level 6.2 Hexes


You had 2 spell levels left.
You knew the following spells:

 Your Spells              Type           Power        Failure   Level  Hunger
a - Corona                Hex            ###....      1%          1    #......
b - Ensorcelled Hibernat  Hex/Ice        ##....       9%          2    ##.....
c - Confuse               Hex            ###.....     4%          3    ###....
d - Tukima's Dance        Hex            ###.....     4%          3    ###....


Dungeon Overview and Level Annotations

Branches:
Dungeon (5/15)             Temple (1/1) D:4

Altars:
Cheibriados
Dithmenos
Fedhas
Hepliaklqana
Nemelex Xobeh
Okawaru
Qazlal
Ru
Sif Muna
Trog
Uskayaw
Vehumet
Wu Jian
Xom
The Shining One

Portals:
Sewer: D:5


Innate Abilities, Weirdness & Mutations

You are very small and have problems with some larger weapons.
You are too small for most types of armour.
You have supernaturally acute eyesight. (SInv)
You are a herbivore.
You cover ground extremely quickly.
You need consume almost no food.


Message History

The giant cockroach bites you but does no damage.
Okay, then.
Unknown command.
You feel yourself speed up.
The bullfrog hits you but does no damage.
The giant cockroach closely misses you.
Unknown command.
Unknown command.
Found a glowing drain.
Okay, then.
It was a potion of ambrosia.
You are confused.
You feel invigorated.
You hear the brisk rusting of a drain.
The giant cockroach closely misses you. The bullfrog closely misses you.
Unknown command.
You miss the giant cockroach.
The giant cockroach is lightly wounded.
The bullfrog hits you!
You die...

#>#.#.#?#.#
#>.........
###.#...#.#
#...#####.#
#...!.....#
#....######
#.....#
#Fs#...#
#.@#≈≈≈#
#..#≈≈≈#
#..#≈≈≈#
####≈≈≈#
≈∩≈#


You could see a bullfrog and a giant cockroach.

Vanquished Creatures
  Sigmund (D:4)
  A wyvern (D:5)
  An ogre (D:4)
  3 scorpions
  2 centaur zombies (D:5)
  A crimson imp (D:5)
  A jelly (D:5)
  An orc wizard (D:4)
  4 adders (D:3)
  A howler monkey skeleton (D:5)
  A worm (D:2)
  A dart slug (D:3)
  A leopard gecko (D:4)
  9 orcs
  A ball python (D:3)
  5 bats
  2 giant cockroaches
  4 goblins
  2 hobgoblins
  3 jackals (D:3)
  2 frilled lizards (D:3)
  A jackal zombie (D:5)
  3 kobolds (D:3)
  A leopard gecko skeleton (D:5)
  A quokka skeleton (D:4)
  5 rats
58 creatures vanquished.

Notes
Turn   | Place    | Note
-------+----------+-------------------------------------------
     0 | D:1      | poirepourri the Spriggan Enchanter began the quest for the Orb.
     0 | D:1      | Reached XP level 1. HP: 9/9 MP: 5/5
   239 | D:2      | Reached skill level 5 in Stealth
   248 | D:2      | Reached XP level 2. HP: 2/13 MP: 6/6
   308 | D:2      | Learned a level 2 spell: Ensorcelled Hibernation
   710 | D:3      | Reached skill level 6 in Stealth
   837 | D:3      | Noticed a scorpion
   845 | D:3      | Killed a scorpion
   845 | D:3      | Reached skill level 7 in Stealth
   845 | D:3      | Reached XP level 3. HP: 16/16 MP: 5/8
   845 | D:3      | Reached XP level 4. HP: 21/21 MP: 5/9
   962 | D:3      | Learned a level 3 spell: Confuse
  1028 | D:4      | Found a staircase to the Ecumenical Temple.
  1039 | Temple   | Entered the Ecumenical Temple
  1273 | D:4      | Reached skill level 8 in Stealth
  1305 | D:4      | Noticed an ogre
  1330 | D:4      | Killed an ogre
  1330 | D:4      | Reached skill level 9 in Stealth
  1330 | D:4      | Reached XP level 5. HP: 24/24 MP: 0/10
  1337 | D:4      | Found an iron altar of Okawaru.
  1432 | D:4      | Reached skill level 10 in Stealth
  1432 | D:4      | Reached XP level 6. HP: 19/28 MP: 1/11
  1612 | D:4      | Noticed Sigmund
  1620 | D:4      | Killed Sigmund
  1620 | D:4      | Reached skill level 11 in Stealth
  2625 | D:3      | Found a glowing golden altar of the Shining One.
  3146 | D:4      | Reached skill level 12 in Stealth
  3167 | D:4      | Reached XP level 7. HP: 22/32 MP: 3/12
  3202 | D:5      | Entered Level 5 of the Dungeon
  3291 | D:5      | Learned a level 3 spell: Tukima's Dance
  3379 | D:5      | Noticed a wyvern
  3386 | D:5      | Killed a wyvern
  3386 | D:5      | Reached skill level 5 in Hexes
  3664 | D:5      | Found a glowing drain.
  3671 | D:5      | Slain by a bullfrog

Skill      XL: |  1  2  3  4  5  6  7 |
---------------+----------------------+-----
Stealth        | 5 7 9 10 12 | 12.0
Hexes          | 6 |  6.2
Short Blades   | |  1.1
Dodging        | |  3.0
Spellcasting   | |  2.6

Action                   |  1- 3 |  4- 6 |  7- 9 || total
-------------------------+-------+-------+-------++-------
Melee: Dagger            |    51 |    83 |    50 ||   184
 Cast: Corona            |     2 |       |       ||     2
       Ensorcelled Hiber |     6 |    42 |     4 ||    52
       Confuse           |       |       |    10 ||    10
  Use: Scroll            |     3 |     3 |     4 ||    10
       Potion            |       |     1 |     2 ||     3
 Stab: Sleeping          |    10 |    29 |     5 ||    44
       Confused          |       |       |     2 ||     2
  Eat: Ration            |       |     2 |     2 ||     4
Armor: Robe              |     5 |     9 |    12 ||    26
Dodge: Dodged            |    45 |    77 |    41 ||   163
